 Dungeon Crawl Stone Soup version 0.32-a0-571-gec57dfcd37 (webtiles) character file.

Game seed: 10977384565066271102

60428 dolemite99 the Carver (level 14, -3/108 HPs)
             Began as a Coglin Gladiator on Mar 1, 2024.
             Was a High Priest of Beogh.
             Shot with a bolt by a yaktaur (18 damage)
             ... on level 13 of the Dungeon.
             The game lasted 00:43:45 (35933 turns).

dolemite99 the Carver (Coglin Gladiator)           Turns: 35933, Time: 00:43:45

Health: -3/108     AC: 26    Str: 17    XL:     14   Next: 99%
Magic:  11/21      EV:  6    Int:  9    God:    Beogh [*****.]
Gold:   470        SH:  0    Dex: 17    Spells: 13/13 levels left

rFire   . . .        Q - +0 scimitar {Nhalahla}
rCold   + + .        L - +1 scimitar {Urai}
rNeg    . . .        X - +6 plate armour of the Dragon {Will+ Slay+3}
rPois   +            O - +1 helmet {SInv}
rElec   .            (no cloak)
rCorr   +            o - +0 pair of gloves
SInv    +            V - +2 pair of boots {Stlth+}
Will    ++...        (amulet unavailable) Stlth
                     (ring unavailable)
HPRegen 1.18/turn    (ring unavailable)
MPRegen 0.57/turn    T - gigaablative booster {rPois rC+ Regen+ RegenMP+ rCorr}

%: no passive effects
@: no status effects
A: walk on water, off-hand wielding, slow wielding, warmup strikes, no
jewellery, cold resistance 1, sense surroundings 1, poison resistance, subdued
magic 1
a: Renounce Religion, Smiting, Recall Apostles, Blood for Blood, Dismiss
Wargrak, warrior, Dismiss Bogbrand, priest, Dismiss Bladwarg, priest


You were on level 13 of the Dungeon.
You worshipped Beogh.
Beogh was extremely pleased with you.
You visited 3 branches of the dungeon, and saw 20 of its levels.
You visited the Abyss 1 time.
You also visited: Ossuary.

You collected 1827 gold pieces.
You spent 1357 gold pieces at shops.

Inventory:

Hand Weapons
 a - a +1 rapier {Xiuying}
 h - a +1 dagger of draining {Noor}
 i - a +0 rapier {Diego}
 j - a +0 dagger
 m - a +0 sling
 y - a +0 falchion
 E - a +2 dagger of protection {Quintus}
 K - a +2 dire flail of freezing
 L - a +1 scimitar (offhand) {Urai}
 Q - a +0 scimitar (weapon) {Nhalahla}
Missiles
 d - a throwing net
 e - a javelin
 p - 43 poisoned darts (quivered)
 A - 19 boomerangs
 R - 4 curare-tipped darts
Armour
 o - a +0 pair of gloves (worn)
 O - a +1 helmet of see invisible (worn)
 V - a +2 pair of boots of stealth (worn)
 X - the +6 plate armour of the Dragon (worn) {Will+ Slay+3}
   (You bought it in a shop on level 2 of the Orcish Mines)

   Slay+3:    It affects your accuracy & damage with ranged weapons and melee
   (+3).
   Will+:     It increases your willpower.
Magical Staves
 I - a staff of death
Gizmo
 T - a gigaablative booster (installed) {rPois rC+ Regen+ RegenMP+ rCorr}
   (You invented it yourself on level 4 of the Lair of Beasts)

   [gigaablative booster]

   rC+:       It protects you from cold.
   rPois:     It protects you from poison Regen+: It increases your rate of
   health regeneration.
   rCorr:     It protects you from acid and corrosion.
   RegenMP+:  It increases your rate of magic regeneration.
Wands
 l - a wand of warping (6)
 v - a wand of flame (10)
 N - a wand of paralysis (4)
Scrolls
 c - 4 scrolls of poison
 s - a scroll of blinking
 z - 2 scrolls of revelation
 B - 3 scrolls of amnesia
 F - a scroll of fog
 H - a scroll of vulnerability
 J - 3 scrolls of noise
 P - 3 scrolls of teleportation
 S - a scroll of identify {@r1}
 U - a scroll of immolation
Potions
 b - a potion of degeneration {unknown}
 f - a potion of enlightenment
 g - a potion of cancellation
 k - 3 potions of mutation
 n - a potion of ambrosia
 r - 3 potions of attraction
 u - a potion of resistance
 x - a potion of invisibility {unknown}
 C - 2 potions of berserk rage
 D - 3 potions of brilliance
 M - a potion of might {unknown}
Miscellaneous
 G - a phantom mirror (inert)
 W - a box of beasts (inert)


   Skills:
 - Level 9.3 Fighting
 - Level 11.3(13.7) Short Blades
 - Level 13.9(15.7) Long Blades
 - Level 3.0 Throwing
 - Level 8.3 Armour
 - Level 2.6 Dodging
 + Level 9.8 Invocations
 - Level 9.7 Evocations


You had 13 spell levels left.
You didn't know any spells.
Your spell library contained the following spells:

 Spells                   Type           Power      Damage    Failure   Level
 Magic Dart               Conj           0%         1d3       100%        1
 Sandblast                Erth           0%         2d4       100%        1
 Blink                    Tloc           0%         N/A       100%        2
 Call Imp                 Summ           0%         N/A       100%        2
 Scorch                   Fire           0%         2d5       100%        2
 Dazzling Flash           Conj/Hex       0%         N/A       100%        3
 Inner Flame              Hex/Fire       0%         N/A       100%        3
 Mephitic Cloud           Conj/Alch/Air  0%         N/A       100%        3
 Passwall                 Erth           0%         N/A       100%        3
 Stone Arrow              Conj/Erth      0%         3d7       100%        3
 Teleport Other           Tloc           0%         N/A       100%        3
 Anguish                  Hex/Necr       0%         N/A       100%        4
 Brom's Barrelling Bould  Conj/Erth      0%         2d3       100%        4
 Cause Fear               Hex            0%         N/A       100%        4
 Ignite Poison            Fire/Alch      0%         N/A       100%        4
 Leda's Liquefaction      Alch/Erth      0%         N/A       100%        4
 Sticky Flame             Fire/Alch      0%         2d4       100%        4
 Curse of Agony           Necr           0%         N/A       100%        5
 Iskenderun's Battlesphe  Conj           0%         2d6       100%        5
 Silence                  Hex/Air        0%         N/A       100%        5
 Bombard                  Conj/Erth      0%         9d1       100%        6
 Sculpt Simulacrum        Ice/Alch       0%         N/A       100%        6
 Enfeeble                 Hex            0%         N/A       100%        7
 Spellforged Servitor     Conj/Summ      0%         N/A       100%        7


Dungeon Overview and Level Annotations

Branches:
Dungeon (13/15)            Temple (0/1) D:7            Lair (5/5) D:10
  Swamp (0/4) Lair:3       Spider (0/4) Lair:2        Slime (0/5) Lair:4
    Orc (2/2) D:12            Elf (0/3) Orc:2       Ossuary (visited)
 Vaults: D:13-14

Altars:
Ashenzari
Elyvilon
Fedhas
Gozag
Hepliaklqana
Kikubaaqudgha
Makhleb
Okawaru
Qazlal
Ru
Sif Muna
Trog
Uskayaw
Vehumet
Xom
The Shining One
Jiyva

Shops:
D:7 [   Orc:2 =([(*=(:

Annotations:
D:3 2 transporters, Krumphau's ghost, amateur DsMo
D:4 1 runed translucent door, occam's ghost, novice CoGl
Lair:5 2 transporters, Lefae's ghost, journeyman DsSh


Innate Abilities, Weirdness & Mutations

You can walk on water.
Your facial features are unmistakably orcish.
You can wield a second weapon in your off-hand.
It takes a long time for you to wield or remove held weapons.
Your first few attacks do less damage.
You cannot equip rings or amulets.
Your flesh is cold resistant. (rC+)
You passively map a small area around you.
Your system is resistant to poisons. (rPois)
Your spells are a little easier to cast, but a little less powerful.


Message History

A bolt appears from out of your range of vision.
The bolt closely misses Bladwarg.
The yaktaur wields a +0 arbalest.
The yaktaur shoots a bolt.
The bolt closely misses Bladwarg.
The bolt hits you but does no damage.
Aiming: Smiting
Press: ? - help, Dir - move target, f - manticore Smite: a manticore You smite the manticore!!
The manticore is moderately wounded.
The manticore flicks its tail.
The volley of spikes skewers you but does no damage.
A bolt appears from out of your range of vision.
The bolt barely misses Bladwarg.
A bolt appears from out of your range of vision.
The bolt hits Bladwarg.
Aiming: Smiting
Press: ? - help, Dir - move target, f/p - manticore Smite: a manticore (moderately wounded, ally target)
You smite the manticore!!!
You kill the manticore!
Beogh accepts your kill.
A yaktaur comes into view. It is wielding a +0 arbalest.
The yaktaur shoots a bolt.
The bolt hits you but does no damage.
You feel better.
The yaktaur shoots a bolt.
The bolt hits Bladwarg!
Bladwarg dies!
You swear to avenge Bladwarg's death!
A yaktaur comes into view. It is wielding a +0 arbalest.
The tengu warrior shoots a bolt.
The bolt hits you.
You feel better.
The yaktaur shouts!
The tengu warrior shoots a bolt.
The bolt hits you!
The yaktaur shoots a bolt.
The bolt hits you but does no damage.
You hear a shout!
As you read the scroll of fog, it dissolves into smoke.
A yaktaur comes into view.
The tengu warrior shoots a bolt.
The bolt hits you!
The yaktaur shoots a bolt.
The bolt hits you!!
* * * LOW HITPOINT WARNING * * *
The yaktaur shoots a bolt.
The bolt hits you!!
You die...

#.##c.c....... ..#
#..cc#Q#.#..#* * ,,
#..###..†.......#
#.......#†#.#..# ,
* #..............#
,
*#..............###
, ,
#......§§§.[.....#
,
#.....§§§§####..##
, #......@§§# ,,
######..§.# , **
*########....# * ,
####..........## **
, #.............#**
* * #.#...........+
########### ,
*,#...######.##
#.......^.. .###
#...# #.#
#..........
.....#...# #.#
#..........


You could see a yaktaur (target of vengeance).

Vanquished Creatures
  An orc warlord (Orc:1)
  A stone giant (Orc:2)
  Nessos (D:12)
  2 ettins (Orc:2)
  A centaur warrior (D:13)
  2 two-headed ogres
  3 death yaks
  A tengu warrior (D:13)
  A skyshark (Lair:2)
  An orc knight (Lair:5)
  A lindwurm (Lair:5)
  4 cyclopes (Orc:2)
  2 manticores
  An ice statue (Lair:2)
  5 elephants
  2 black mambas (Lair:5)
  8 cane toads
  2 rime drakes (Lair:2)
  A kobold demonologist (D:10)
  An unseen horror (D:10)
  A komodo dragon (Lair:5)
  Psyche (D:11)
  3 trolls
  2 polar bears (Lair:2)
  5 blink frogs
  A jumping spider (Lair:2)
  8 slime creatures
  2 shadows
  2 wyverns
  A wraith (D:11)
  13 yaks
  3 steam dragons
  A basilisk (D:10)
  2 humans (D:12)
  A redback (Lair:2)
  4 vampire mosquitoes
  An acid dragon (D:12)
  Duvessa (D:5)
  9 water moccasins
  4 orc warriors
  A sky beast (D:5)
  An ice beast (D:6)
  3 black bears
  10 centaurs
  3 ogres
  A wolf (Lair:2)
  A phantom (D:5)
  4 kobold brigands
  Blork the orc (D:6)
  4 bullfrogs
  A gnoll sergeant (D:7)
  2 scorpions (D:5)
  3 wights (D:7)
  Dowan (D:5)
  10 killer bees
  4 howler monkeys
  3 bombardier beetles
  A bullfrog zombie (Ossuary)
  3 hounds
  5 orc priests
  A jelly (D:7)
  4 gnoll boudas
  A sleepcap (D:5)
  Ijyb (D:5)
  3 iguanas
  9 orc wizards
  A troll simulacrum (Lair:2)
  A hell rat (Lair:4)
  A spriggan simulacrum (Lair:2)
  A crocodile zombie (Ossuary)
  7 hound zombies
  2 hound skeletons (D:4)
  5 mummies (Ossuary)
  A howler monkey zombie (Ossuary)
  10 adders
  30 gnolls
  A river rat (Lair:4)
  An adder skeleton (D:4)
  An adder zombie (D:4)
  4 ribbon worms
  5 dart slugs
  20 orcs
  2 ball pythons
  7 endoplasms
  2 giant cockroaches
  7 goblins
  5 hobgoblins
  5 jackals (D:1)
  3 quokkas
  10 bats
  5 frilled lizards
  10 kobolds
  7 rats
341 creatures vanquished.

Vanquished Creatures (collateral kills)
  An ettin (Orc:2)
  A hydra (Lair:5)
  A catoblepas (Lair:2)
  2 death yaks (Lair:2)
  Sonja (Orc:2)
  2 skysharks
  A bog body (Lair:2)
  An orc knight (Orc:1)
  An oklob plant (Lair:2)
  4 cyclopes (Orc:2)
  10 elephants
  2 black mambas (Lair:1)
  A torpor snail (Lair:5)
  14 cane toads
  4 komodo dragons
  3 rime drakes
  An ice devil (Lair:2)
  4 polar bears
  2 trolls
  14 blink frogs
  3 tyrant leeches (Lair:5)
  13 yaks
  4 basilisks
  A wraith (D:12)
  3 wargs
  4 vampire mosquitoes (Lair:5)
  A redback (Lair:2)
  6 water moccasins
  A swamp drake (Lair:3)
  4 orc warriors
  2 ogres (Orc:2)
  A wolf (Lair:2)
  10 bullfrogs
  A cane toad simulacrum (Lair:2)
  2 electric eels (Lair:5)
  An orc priest (Orc:1)
  A hell rat (Lair:4)
  3 orc wizards
  A troll simulacrum (Lair:2)
  9 river rats (Lair:4)
  An orc (Lair:5)
  A kobold (D:10)
  A rat (Lair:4)
144 creatures vanquished.

Vanquished Creatures (others)
  6 orc apostles
  A bombardier beetle (D:5)
  2 orc wizards (Orc:1)
  17 orcs
26 creatures vanquished.

Grand Total: 511 creatures vanquished

Notes
Turn   | Place    | Note
-------+----------+-------------------------------------------
     0 | D:1      | dolemite99 the Coglin Gladiator began the quest for the
                  | Orb.
     0 | D:1      | Reached XP level 1. HP: 16/16 MP: 1/1
   150 | D:1      | Reached XP level 2. HP: 12/22 MP: 2/2
  1056 | D:1      | Reached XP level 3. HP: 27/27 MP: 3/3
  2026 | D:3      | Reached XP level 4. HP: 33/33 MP: 4/4
  2611 | D:3      | Reached skill level 5 in Short Blades
  2611 | D:3      | Reached XP level 5. HP: 24/38 MP: 5/5
  3093 | D:3      | Found a hazy altar of Hepliaklqana.
  3225 | D:3      | Found a transporter.
  3226 | D:3      | Noticed Krumphau's ghost (amateur DsMo)
  3265 | D:3      | Found a transporter.
  3805 | D:3      | Reached XP level 6. HP: 39/44 MP: 6/6
  3833 | D:3      | Gained mutation: You passively map a small area around you.
                  | [potion of mutation]
  3833 | D:3      | Gained mutation: Your spells are a little easier to cast,
                  | but a little less powerful. [potion of mutation]
  3833 | D:3      | Gained mutation: Your system is resistant to poisons.
                  | (rPois) [potion of mutation]
  3833 | D:3      | Gained mutation: Your flesh is cold resistant. (rC+)
                  | [potion of mutation]
  3863 | D:3      | HP: 1/46 [orc wizard/+0 dagger (2)]
  4731 | D:3      | Found an ancient bone altar of Kikubaaqudgha.
  4731 | D:3      | Found a radiant altar of Vehumet.
  4740 | D:3      | Got Vehumet's Elucidation of Conjuring
  4749 | D:3      | Found a shimmering blue altar of Sif Muna.
  4973 | D:4      | Found a runed translucent door.
  4973 | D:4      | Noticed occam's ghost (novice CoGl)
  5151 | D:4      | Found a sand-covered staircase.
  5158 | Ossuary  | Entered an ossuary
  5212 | Ossuary  | Reached XP level 7. HP: 46/48 MP: 7/7
  6201 | D:4      | Became a worshipper of Beogh the Shepherd
  6584 | D:5      | Entered Level 5 of the Dungeon
  6918 | D:5      | Noticed Dowan
  6919 | D:5      | Noticed Duvessa
  7578 | D:5      | Reached XP level 8. HP: 20/56 MP: 8/8
  8613 | D:5      | Noticed Ijyb
  8637 | D:5      | Killed Ijyb
  9334 | D:5      | Killed Duvessa
  9345 | D:5      | Killed Dowan
  9346 | D:5      | Reached skill level 10 in Short Blades
 10140 | D:6      | Reached XP level 9. HP: 58/61 MP: 9/9
 10864 | D:6      | Noticed Blork the orc
 11096 | D:6      | Killed Blork the orc
 11241 | D:6      | Reached * piety under Beogh
 12138 | D:7      | Found a hide-covered altar of Uskayaw.
 12219 | D:7      | Reached skill level 1 in Armour
 12775 | D:7      | Found a sacrificial altar of Ru.
 12993 | D:7      | Found Kyxkunu's Armour Shop.
 12996 | D:7      | Bought a +0 plate armour for 230 gold pieces
 13147 | D:7      | Found a staircase to the Ecumenical Temple.
 14044 | D:8      | Reached skill level 5 in Fighting
 14063 | D:8      | Reached ** piety under Beogh
 14068 | D:8      | Reached XP level 10. HP: 71/74 MP: 10/10
 14565 | D:8      | Found a stormy altar of Qazlal.
 14783 | D:8      | Found a glowing golden altar of the Shining One.
 14903 | D:9      | Reached skill level 5 in Armour
 16392 | D:9      | Found a white marble altar of Elyvilon.
 16399 | D:9      | Found a bloodstained altar of Trog.
 16402 | D:9      | Found a broken altar of Ashenzari.
 16407 | D:9      | Found a shimmering altar of Xom.
 16837 | D:10     | Entered Level 10 of the Dungeon
 17258 | D:9      | Reached skill level 1 in Evocations
 18212 | D:10     | Killed an unseen horror
 18303 | D:10     | Found an opulent altar of Gozag.
 18694 | D:10     | Noticed an elephant
 18708 | D:10     | Killed an elephant
 18915 | D:10     | Found a staircase to the Lair.
 19049 | D:10     | Noticed a kobold demonologist
 19070 | D:10     | Noticed a soul eater
 19973 | D:11     | Noticed Psyche
 19974 | Abyss:1  | Cast into level 1 of the Abyss (Psyche)
 19978 | D:11     | Escaped the Abyss
 19984 | D:11     | Killed Psyche
 20052 | D:11     | Reached XP level 11. HP: 73/81 MP: 11/11
 20256 | D:11     | Identified the +4 dagger "Lomuff" {drain, ^Fragile rPois
                  | rC++ Int+3}
 20310 | D:11     | Noticed a two-headed ogre
 20330 | D:11     | Killed a two-headed ogre
 20919 | D:12     | Noticed a two-headed ogre
 20926 | D:12     | Killed a two-headed ogre
 21036 | D:12     | Found an iron altar of Okawaru.
 21992 | D:12     | Noticed Nessos
 22002 | D:12     | Killed Nessos
 22072 | D:12     | Noticed a manticore
 22092 | D:12     | Killed a manticore
 22093 | D:12     | Reached skill level 1 in Invocations
 22269 | D:12     | Found a staircase to the Orcish Mines.
 22281 | D:12     | Reached *** piety under Beogh
 22297 | D:12     | Identified the +8 dagger "Arcanum" {vamp, rElec rPois}
 22297 | D:12     | Identified the +0 robe "Jeajov" {Regen+ Str+4}
 22297 | D:12     | Noticed Olfrun
 22313 | D:12     | Anointed Olfrun the wizard as your apostle
 22915 | D:10     | Reached XP level 12. HP: 36/92 MP: 13/15
 23631 | D:10     | You fall into a shaft and drop 1 floor!
 23936 | D:10     | Found a blossoming altar of Fedhas.
 23986 | Lair:1   | Entered Level 1 of the Lair of Beasts
 23986 | Lair:1   | Noticed a death yak
 23986 | Lair:1   | Noticed a death yak
 23986 | Lair:1   | Noticed a death yak
 24001 | D:10     | Killed a death yak
 24002 | D:10     | Reached skill level 5 in Invocations
 24010 | D:10     | Killed a death yak
 24083 | Lair:1   | Killed a death yak
 24244 | Lair:1   | Anointed Wargrak the warrior as your apostle
 26182 | Lair:2   | Noticed a death yak
 26206 | Lair:2   | Killed a death yak
 26206 | Lair:2   | Reached **** piety under Beogh
 26616 | Lair:2   | Reached skill level 1 in Long Blades
 26644 | Lair:2   | Reached skill level 2 in Long Blades
 26644 | Lair:2   | Reached XP level 13. HP: 97/101 MP: 19/19
 26668 | Lair:2   | Reached skill level 3 in Long Blades
 26919 | Lair:2   | Reached skill level 4 in Long Blades
 27126 | Lair:2   | Reached skill level 5 in Long Blades
 27547 | Lair:2   | Found a hole to the Spider Nest.
 27637 | Lair:2   | Identified the +3 hand axe of Tomorrow {pain, Dex+2}
 27640 | Lair:2   | Your ally Wargrak died
 27658 | Lair:2   | Your ally Olfrun died
 27715 | Lair:2   | Anointed Bogbrand the priest as your apostle
 28020 | Lair:2   | Reached skill level 6 in Long Blades
 28999 | Lair:3   | Reached skill level 7 in Long Blades
 29063 | Lair:3   | Found a staircase to the Swamp.
 29154 | Lair:3   | Reached skill level 8 in Long Blades
 29985 | Lair:3   | Got Ogrueneu's Almanac of Cinders and the Singularity
 30382 | Lair:4   | Reached skill level 9 in Long Blades
 30752 | Lair:4   | Reached skill level 10 in Long Blades
 31181 | Lair:4   | Found a viscous altar of Jiyva.
 31182 | Lair:4   | Found a staircase to the Slime Pits.
 31528 | Lair:5   | Entered Level 5 of the Lair of Beasts
 32046 | Lair:5   | Reached skill level 11 in Long Blades
 32046 | Lair:5   | Reached XP level 14. HP: 91/108 MP: 20/20
 32059 | Lair:5   | Your ally Olfrun died
 32536 | Lair:4   | Acquired a gigaablative booster {rPois rC+ Regen+ RegenMP+
                  | rCorr}
 32561 | Lair:5   | Reached skill level 12 in Long Blades
 32596 | Lair:5   | Reached ***** piety under Beogh
 32618 | Lair:5   | Noticed Lefae's ghost (journeyman DsSh)
 32637 | Lair:5   | Found a transporter.
 32700 | Lair:5   | Anointed Bladwarg the priest as your apostle
 32753 | Lair:5   | Found a bloodstained altar of Trog.
 32755 | Lair:5   | Found a transporter.
 32955 | Lair:5   | Reached skill level 13 in Long Blades
 33337 | Lair:5   | Got the Omnibus of Arsenical Kindling
 33347 | Lair:5   | Identified the amulet "Qasky" {Reflect rC+ Str+3 SH+5}
 33910 | Orc:1    | Entered Level 1 of the Orcish Mines
 33910 | Orc:1    | Noticed an orc warlord
 33922 | Orc:1    | Killed an orc warlord
 34064 | Orc:1    | Found a burning altar of Makhleb.
 34401 | Orc:2    | Entered Level 2 of the Orcish Mines
 34419 | Orc:2    | Your ally Bogbrand died
 34424 | Orc:2    | Noticed Sonja
 34432 | Orc:2    | Killed Sonja
 34699 | Orc:2    | Found Vauskeuv's Antique Armour Shoppe.
 34712 | Orc:2    | Found Cies's Antique Weapon Shop.
 34712 | Orc:2    | Noticed a stone giant
 34726 | Orc:2    | Killed a stone giant
 34735 | Orc:2    | Found a staircase to the Elven Halls.
 34762 | Orc:2    | Found Gahesch's General Store.
 34779 | Orc:2    | Found Besk's Jewellery Shop.
 34787 | Orc:2    | Found Caoc's Weapon Shoppe.
 34804 | Orc:2    | Found Jutocyir's Jewellery Boutique.
 34818 | Orc:2    | Your ally Wargrak died
 35412 | Orc:2    | Found Zekos's Antique Weapon Emporium.
 35456 | Orc:2    | Bought 2 curare-tipped darts for 33 gold pieces
 35463 | Orc:2    | Found Guxuyton's Book Shop.
 35736 | Orc:2    | Bought the +6 plate armour of the Dragon {Will+ Slay+3} for
                  | 1094 gold pieces
 35930 | D:13     | Your ally Bladwarg died
 35933 | D:13     | Shot with a bolt by a yaktaur

Illustrated notes

Levels and vault maps discovered:
D:1:      wander_arrival_chamber, layout_loops_corners
D:2:      layout_loops_ring
D:3:      minmay_thinvault, layout_loops_corners, palyth_temple_overflow_mages,
          overflow_temple_1_default, gammafunk_ghost_stat_death,
          serial_bayou_pond_e, corexii_corridor_pit
D:4:      layout_cave_pools, mainiacjoe_ossuary_entry_find_the_door,
          ebering_ghost_reflecting_pool
D:5:      layout_gridville, grunt_decor_one_mirror, dk_noncrumbling_3,
          minivault_27, st_stairs_5, uniq_ijyb, uniq_duvessa
D:6:      layout_gridville, uniq_blork_the_orc
D:7:      layout_loops_ring, mainiacjoe_overflow_catwalk,
          nicolae_ru_awakened_eye, minmay_temple_entry_nine_rooms, serial_shops,
          nicolae_shop_real_fake_doors
D:8:      layout_loops_ring, mainiacjoe_overflow_swirl
D:9:      layout_loops_ring, grunt_temple_overflow_cloverleaf
D:10:     layout_rooms, marbit_many_paths, nicolae_gozag_seed_capital,
          david_lair_generic
D:11:     layout_basic, minmay_parallelograms, uniq_psyche
D:12:     layout_rooms, hiddenorc2_lemuel, serial_glass, glass_columns_a,
          glass_columns_a, glass_columns_b, glass_columns_a, okawaru_humans,
          uniq_nessos
D:13:     layout_basic, gammafunk_ghost_berserking_beasts,
          serial_co_window_serial, co_window_cross_1, co_window_corner_a,
          co_window_paths_a, co_window_of_opportunity_a, co_window_paths_a,
          co_window_of_opportunity_a, co_window_cross_4,
          co_window_of_opportunity_c, co_window_broadway_b,
          co_window_broadway_c, co_window_2corner, co_window_of_opportunity_b,
          co_window_paths_e, co_window_paths_d, glass_columns_a,
          glass_columns_a, glass_columns_b, glass_columns_b, glass_columns_a
Lair:1:   layout_long_grid
Lair:2:   dreamdust_isle_of_ice, layout_regular_city, spider_nest_entry_a,
          serial_bayou_pond_b
Lair:3:   layout_chaotic_city, minmay_swamp_entry_reptiles
Lair:4:   layout_hall_layers, dpeg_slime_entry_enclosed, kennysheep_rathole
Lair:5:   minmay_lair_end_frog_pond, layout_gridlike,
          gammafunk_ghost_wrathful_warriors, minivault_11
Orc:1:    layout_caves, basic_altar
Orc:2:    grunt_orc_gardens, layout_caves, grunt_orc_garden, grunt_orc_garden,
          grunt_orc_garden, grunt_orc_garden, serial_shops, shop,
          nicolae_shop_scrapyard, nicolae_shop_stone,
          nicolae_shop_overgrown_old_shop, dreamdust_deal_with_the_devil,
          uniq_sonja

Skill      XL: |  1  2  3  4  5  6  7  8  9 10 11 12 13 14 |
---------------+-------------------------------------------+-----
Short Blades   | 3 4 5 6 7 8 10 11 | 11.3
Armour         | 4 6 7 8 |  8.3
Fighting       | 5 6 7 9 |  9.3
Throwing       | 3 |  3.0
Evocations     | 7 9 |  9.7
Invocations    | 4 8 9 |  9.8
Long Blades    | 2 11 13 | 13.9
Dodging        | |  2.6

Action                     |  1- 3 |  4- 6 |  7- 9 | 10-12 | 13-15 || total
---------------------------+-------+-------+-------+-------+-------++-------
  Melee: Rapier            |    87 |   217 |   725 |   366 |   294 ||  1689
         Dagger            |    81 |   214 |   227 |   628 |       ||  1150
         Scimitar          |       |       |       |     4 |   349 ||   353
  Throw: Dart              |       |       |       |    61 |    29 ||    90
         Boomerang         |       |       |       |    19 |       ||    19
         Throwing net      |       |       |       |     3 |       ||     3
         Javelin           |       |       |       |     1 |       ||     1
 Invoke: Convert to Beogh  |       |       |     1 |       |       ||     1
         Recall Apostles   |       |       |       |     3 |     6 ||     9
         Recruit Apostle   |       |       |       |     2 |     2 ||     4
         Smiting           |       |       |       |     1 |    14 ||    15
         Dismiss Apostle   |       |       |       |       |     1 ||     1
Ability: Invent Gizmo      |       |       |       |       |     1 ||     1
  Evoke: Wand              |       |       |     3 |    35 |     5 ||    43
         Box of beasts     |       |       |       |       |     1 ||     1
         Phantom mirror    |       |       |       |       |     1 ||     1
    Use: Scroll            |     6 |     3 |     8 |     9 |     9 ||    35
         Potion            |       |     6 |     4 |     3 |     6 ||    19
   Stab: Sleeping          |     1 |       |       |       |       ||     1
         Paralysed         |       |       |       |     7 |       ||     7
         Distracted        |       |       |       |     2 |     6 ||     8
         Petrified         |       |       |       |       |     2 ||     2
 Armour: Leather armour    |    15 |       |       |       |       ||    15
         Ring mail         |    24 |       |       |       |       ||    24
         Chain mail        |    19 |   165 |   282 |       |       ||   466
         Skin              |       |    59 |    24 |       |       ||    83
         Plate armour      |       |       |    42 |   500 |   400 ||   942
  Dodge: Dodged            |    42 |    83 |   135 |   135 |   102 ||   497

Table legend: (Time is in decaauts)
 A = Elapsed time spent in this place.
 B = Non-inter-level travel time spent in this place.
 C = Inter-level travel time spent in this place.
 D = Time resting spent in this place.
 E = Time spent auto-exploring this place.
 F = Levels seen in this place.
 G = Mean time per level.
                   A        B        C        D        E       F      G
               +--------+--------+--------+--------+--------+-----+--------+
         Total |  35361 |  33837 |   1524 |  18284 |  10699 |  22 | 1607.3 |
       Dungeon |  23261 |  22019 |   1242 |  12057 |   7091 |  13 | 1789.3 |
          Lair |   9656 |   9437 |    219 |   4875 |   3045 |   5 | 1931.2 |
  Orcish Mines |   1858 |   1795 |     63 |    909 |    541 |   2 |  929.0 |
         Abyss |      3 |      3 |      0 |      0 |      0 |   1 |    3.0 |
       Ossuary |    581 |    581 |      0 |    441 |     21 |   1 |  581.0 |
               +--------+--------+--------+--------+--------+-----+--------+

Top non-repeatable levels by time:
     D:9: 3690 daAuts
  Lair:2: 3107 daAuts
     D:5: 3000 daAuts
     D:3: 2985 daAuts
     D:4: 2274 daAuts
    D:10: 2126 daAuts
  Lair:5: 1899 daAuts
  Lair:1: 1789 daAuts
    D:12: 1617 daAuts
     D:7: 1595 daAuts
  Lair:4: 1464 daAuts
  Lair:3: 1396 daAuts
   Orc:2: 1365 daAuts
    D:11: 1311 daAuts
     D:8: 1304 daAuts
